 Dungeon Crawl Stone Soup version 0.30-a0-219-gf2db51d15e (webtiles) character file.

Game seed: 11253102854828593516

23 KennySheep the Ruffian (level 2, 0/25 HPs)
             Began as a Naga Transmuter on Oct 8, 2022.
             Slain by a ball python (3 damage)
             ... on level 2 of the Dungeon.
             The game lasted 00:02:00 (884 turns).

KennySheep the Ruffian (Naga Transmuter)             Turns: 884, Time: 00:02:01

Health: 0/25       AC:  1    Str: 12    XL:     2   Next: 95%
Magic:  3/5        EV:  9    Int: 13    God:
Gold:   53         SH:  0    Dex: 11    Spells: 2/5 levels left

rFire   . . .      SeeInvis +      - Unarmed
rCold   . . .      Faith    .    (no shield)
rNeg    . . .      Spirit   .    a - +0 robe
rPois   +          Reflect  .    (helmet currently unavailable)
rElec   .          Harm     .    (no cloak)
rCorr   .          Rampage  .    (no gloves)
Will    .....                    (no barding)
Stlth   +.........               (no amulet)
HPRegen 0.24/turn                (no ring)
MPRegen 0.09/turn                (no ring)

@: appendages (expiring), wereblooded, very slow
A: horns 2, AC +0, large, see invisible, deformed body, poison resistance,
slowness 2, spit poison 1, naga tail 1
a: Spit Poison, End Transformation


You were on level 2 of the Dungeon.
You had temporarily grown beastly horns.
You visited 1 branch of the dungeon, and saw 2 of its levels.

You collected 53 gold pieces.

Inventory:

Armour
 a - a +0 robe (worn)
Jewellery
 i - a +6 ring of strength
Scrolls
 c - 2 scrolls of amnesia {unknown}
 d - a scroll of fear {unknown}
 e - a scroll of immolation {unknown}
 g - 2 scrolls of identify {unknown}
 h - a scroll of silence {unknown}
Potions
 b - a potion of lignification
 f - a potion of attraction {unknown}
 j - a potion of degeneration {unknown}
 k - a potion of flight {unknown}


   Skills:
 - Level 1.0 Fighting
 - Level 1.5 Dodging
 - Level 3.0 Unarmed Combat
 - Level 2.0 Spellcasting
 + Level 2.7 Transmutations
 + Level 2.2 Poison Magic


You had 2 spell levels left.
You knew the following spells:

 Your Spells              Type           Power      Damage    Failure   Level
a - Beastly Appendage     Tmut           16%        N/A       9%          1
b - Wereblood             Tmut           8%         N/A       13%         2

Your spell library contained the following spells:

 Spells                   Type           Power      Damage    Failure   Level
 Ensorcelled Hibernation  Hex/Ice        2%         N/A       36%         2
 Spider Form              Tmut/Pois      7%         N/A       26%         3
 Mephitic Cloud           Conj/Pois/Air  3%         N/A       50%         3
 Ice Form                 Ice/Tmut       4%         N/A       82%         4
 Summon Ice Beast         Ice/Summ       1%         N/A       94%         4
 Conjure Ball Lightning   Conj/Air       0%         3x3d6     100%        6
 Discord                  Hex            0%         N/A       100%        8
 Disjunction              Tloc           0%         N/A       100%        8


Dungeon Overview and Level Annotations

Branches:
Dungeon (2/15)

Altars:


Innate Abilities, Weirdness & Mutations

You have temporarily grown beastly horns.
Your serpentine skin is tough. (AC +0)
You have supernaturally acute eyesight. (SInv)
Armour fits poorly on your strangely shaped body.
Your system is resistant to poisons. (rPois)
You cover ground very slowly.
You can spit poison.
You have a snake-like lower body.


Message History

You hit the ball python but do no damage.
The ball python is moderately wounded.
The bat barely misses you.
The endoplasm hits you but does no damage.
The ball python bites you.
You closely miss the ball python. The bat hits you but does no damage.
The endoplasm freezes you.
You are frozen.
The ball python barely misses you.
You closely miss the ball python. The endoplasm barely misses you.
The ball python bites you but does no damage.
You hit the endoplasm. You headbutt the endoplasm.
You feel a bit better.
You kill the endoplasm!
The bat barely misses you. The ball python bites you.
A bat comes into view.
Your transformation is almost over.
The bat hits you. The ball python bites you.
The ball python completely misses you.
The ball python attacks as you move away!
The ball python bites you. The bat hits you but does no damage.
The bat hits you.
* * * LOW HITPOINT WARNING * * *
The bat barely misses you. x2; The ball python bites you.
* * * LOW HITPOINT WARNING * * *
You hit the bat.
You feel a bit better.
You kill the bat!
The bat hits you.
* * * LOW HITPOINT WARNING * * *
The ball python bites you.
* * * LOW HITPOINT WARNING * * *
The bat attacks as you move away! The bat barely misses you.
The bat closely misses you. The ball python barely misses you.
You see here a bat corpse.
You hit the ball python.
The ball python is moderately wounded.
You howl as the wereblood boils in your veins!
The ball python closely misses you.
You barely miss the ball python.
The ball python is moderately wounded.
The ball python bites you.
You die...

.. ## ... #.
....##.##
....#....
......# #...#
#..<#
#...#########
#..bS@.......
#...#########
##.## #. #.
#. #.


You could see a bat and a ball python.

Vanquished Creatures
  5 endoplasms
  2 giant cockroaches (D:1)
  4 goblins (D:1)
  A hobgoblin (D:1)
  3 bats
  A frilled lizard (D:1)
  4 kobolds (D:1)
  A rat (D:1)
21 creatures vanquished.

Notes
Turn   | Place    | Note
-------+----------+-------------------------------------------
     0 | D:1      | KennySheep the Naga Transmuter began the quest for the Orb.
     0 | D:1      | Reached XP level 1. HP: 18/18 MP: 3/3
    46 | D:1      | Reached skill level 1 in Poison Magic
    93 | D:1      | Got the Guide on the Algid Nimbus
   174 | D:1      | Reached XP level 2. HP: 23/25 MP: 5/5
   216 | D:1      | Learned a level 2 spell: Wereblood
   884 | D:2      | Slain by a ball python

Illustrated notes

Levels and vault maps discovered:
D:1:      lightli_arrival_isolated_outpost, layout_basic
D:2:      layout_loops_ring, ebering_ecumenical_altar_sacrificial,
          minmay_tiny_reverse_x, uniq_jessica

Skill      XL: |  1  2 |
---------------+-------+-----
Poison Magic   | 1 2 |  2.2
Fighting       | |  1.0
Dodging        | |  1.5
Unarmed Combat | |  3.0
Spellcasting   | |  2.0
Transmutations | |  2.7

Action                   || total
-------------------------++-------
Melee: Unarmed           ||    85
       Punch             ||     2
       Headbutt          ||     1
 Cast: Beastly Appendage ||     1
       Wereblood         ||     1
Armor: Robe              ||    28
Dodge: Dodged            ||    55

Table legend: (Time is in decaauts)
 A = Elapsed time spent in this place.
 B = Non-inter-level travel time spent in this place.
 C = Inter-level travel time spent in this place.
 D = Time resting spent in this place.
 E = Time spent auto-exploring this place.
 F = Levels seen in this place.
 G = Mean time per level.
                   A        B        C        D        E       F      G
               +--------+--------+--------+--------+--------+-----+--------+
         Total |   1111 |   1033 |     78 |     48 |    792 |   2 |  555.5 |
       Dungeon |   1111 |   1033 |     78 |     48 |    792 |   2 |  555.5 |
               +--------+--------+--------+--------+--------+-----+--------+

Top non-repeatable levels by time:
     D:1: 1095 daAuts
     D:2: 16 daAuts
